Get step-by-step instructions on how to execute this build order below. Start the game timer, and the build order will tick by so you can play in parallel with StarCraft on a second screen or mobile device.

Game Time

  0:00

Last Step

  N/A

Next Step

Upcoming Step



Don't want to look back and forth between 2 screens? Try out our Overwolf App, the Spawning Tool Build Advisor to get an in-game overlay with this build!

Complete Build Order

  12  0:00  Drone  
  13  0:11  Overlord  
  13  0:16  Drone  
  14  0:29  Drone  
  14  0:30  Drone  
  16  0:48  Hatchery  
  15  0:51  Drone  
  15  0:55  Drone  
  17  0:57  Drone  
  18  1:09  Extractor  
  17  1:13  Spawning Pool  
  17  1:16  Drone  
  17  1:19  Drone  
  18  1:27  Drone  
  19  1:37  Drone  
  20  1:48  Overlord  
  20  2:00  Drone x2, Queen x2  
  26  2:10  Zergling x2  
  26  2:11  Zergling x2  
  26  2:13  Metabolic Boost  
  28  2:21  Drone x2  
  30  2:32  Drone x2  
  32  2:38  Hatchery  
  32  2:42  Queen  
  33  2:47  Overlord  
  33  2:50  Zergling x2  
  34  2:53  Zergling x2  
  34  2:55  Zergling x2  
  36  3:06  Drone  
  36  3:07  Drone x3, Overlord  
  36  3:12  Queen  
  42  3:18  Drone  
  42  3:19  Drone  
  44  3:25  Drone  
  44  3:26  Queen  
  47  3:31  Overlord  
  47  3:40  Drone x5  
  52  3:52  Drone x2  
  52  3:53  Drone  
  52  3:54  Drone x2, Spore Crawler  
  53  3:57  Drone  
  53  3:59  Spore Crawler  
  53  4:02  Drone x2  
  56  4:06  Drone  
  56  4:08  Queen  
  59  4:13  Spore Crawler  
  58  4:17  Drone x2  
  58  4:18  Drone  
  58  4:20  Overlord  
  58  4:23  Zergling x4  
  63  4:25  Drone  
  63  4:28  Drone x2  
  66  4:34  Roach Warren  
  66  4:35  Overlord  
  66  4:37  Drone  
  66  4:38  Drone  
  66  4:39  Drone  
  66  4:41  Drone  
  66  4:42  Drone  
  70  4:47  Lair  
  70  4:49  Zergling x4  
  72  4:53  Drone x2  
  72  4:54  Overlord  
  72  4:55  Drone  
  72  4:56  Drone  
  72  4:57  Drone  
  72  4:58  Drone  
  78  5:05  Extractor x2, Drone x2  
  78  5:06  Drone x2, Extractor  
  79  5:13  Overlord  
  78  5:18  Roach x5  
  88  5:22  Drone  
  88  5:23  Extractor, Overlord  
  88  5:24  Drone  
  88  5:28  Overlord  
  89  5:34  Drone x3  
  90  5:35  Drone x2  
  90  5:37  Overlord  
  90  5:38  Drone x2  
  93  5:46  Drone x4  
  93  5:49  Drone  
  98  5:50  Drone x2  
  98  5:52  Extractor, Overlord  
  98  5:54  Drone  
  100  5:58  Spire  
  99  6:06  Drone x3  
  99  6:09  Hatchery  
  100  6:12  Evolution Chamber  
  99  6:21  Drone x5  
  99  6:23  Glial Reconstitution  
  99  6:25  Overlord  
  103  6:26  Roach x2  
  103  6:27  Roach x4  
  114  6:34  Overlord  
  114  6:37  Zerg Missile Weapons Level 1  
  114  6:40  Overlord x3  
  114  6:47  Overlord  
  114  6:49  Overseer  
  114  6:56  Overseer  
  114  7:10  Mutalisk x7  
  128  7:19  Roach x6  
  128  7:21  Drone x4  
  128  7:22  Drone x2  
  146  7:27  Roach x3  
  146  7:29  Ravager  
  153  7:30  Overlord  
  153  7:31  Zergling x4, Roach  
  153  7:32  Extractor  
  153  7:33  Extractor  
  155  7:42  Overlord x3  
  155  7:43  Overlord x2  
  155  7:46  Ravager x3  
  158  7:52  Ravager  
  159  8:02  Ravager x3  
  162  8:08  Roach x6  
  162  8:09  Zergling x18  
  183  8:16  Infestation Pit, Roach x2  
  183  8:17  Roach  
  185  8:39  Drone x3  
  185  8:41  Drone  
  174  8:53  Hatchery  
  174  8:55  Hive  
  168  9:02  Roach x15  
  192  9:10  Ravager x6  
  192  9:15  Spine Crawler  
  192  9:16  Spine Crawler  
  192  9:17  Hydralisk Den, Spine Crawler  
  194  9:25  Roach x3  
  176  9:47  Roach x9  
  176  9:48  Roach x7  
  176  9:51  Roach x4  
  194  9:57  Roach x4  
  194  9:58  Roach  
  189  10:00  Roach  
  189  10:01  Roach  
  189  10:04  Roach x2  
  179  10:14  Ravager x2  
  179  10:15  Ravager x5  
  179  10:16  Zergling x12  
  192  10:23  Ravager x2